 Dungeon Crawl Stone Soup version 0.21.1-1-g345015f (webtiles) character file.

399 inc the Conjurer (level 6, -1/36 HPs)
             Began as an Octopode Wizard on Apr 26, 2018.
             Slain by Menkaure (5 damage)
             ... on level 5 of the Dungeon.
             The game lasted 00:06:52 (4342 turns).

inc the Conjurer (Octopode Wizard)                  Turns: 4342, Time: 00:06:53

Health: -1/36      AC:  2    Str:  7    XL:     6   Next: 84%
Magic:  2/10       EV: 13    Int: 22    God:
Gold:   162        SH:  0    Dex: 10    Spells: 5/11 levels left

rFire    . . .     SeeInvis .   i - +0 dagger
rCold    . . .     Gourm    .   (no shield)
rNeg     + . .     Faith    .   a - +1 hat
rPois    .         Spirit   .   (no amulet)
rElec    .         Reflect  .   f - ring of positive energy
rCorr    .         Harm     .   (no ring)
MR       .....                  (no ring)
Stlth    +++.......             (no ring)
HPRegen  0.12/turn              (no ring)
MPRegen  0.12/turn              (no ring)
                                (no ring)
                                (no ring)

@: very slightly contaminated
A: almost no armour, stealthy swim, amphibious, 8 rings, constrict 8, camouflage
1, gelatinous body 1
a: no special abilities


You were on level 5 of the Dungeon.
You were near starving.

You visited 1 branch of the dungeon, and saw 5 of its levels.
You also visited: Sewer.

You collected 162 gold pieces.

Inventory:

Hand Weapons
 i - a +0 dagger (weapon)
Armour
 a - a +1 hat (worn)
Jewellery
 f - a ring of positive energy (left tentacle)
 h - an uncursed amulet of guardian spirit
Wands
 j - a wand of acid (6)
 m - a wand of random effects (16)
Scrolls
 d - 3 scrolls of remove curse
 l - 2 scrolls of enchant armour
 p - a scroll of fear {unknown}
 q - a scroll of immolation {unknown}
Potions
 e - 3 potions of heal wounds {unknown}
 g - a potion of haste {unknown}
 k - 2 potions of flight {unknown}
 n - 2 potions of curing {unknown}
 o - a potion of lignification {unknown}
Books
 b - a book of Minor Magic

   Spells                             Type                      Level
   a - Magic Dart                     Conjuration                  1
   b - Blink                          Translocation                2
   c - Call Imp                       Summoning                    2
   d - Slow                           Hexes                        2
   e - Conjure Flame                  Conjuration/Fire             3
   f - Mephitic Cloud                 Conjuration/Poison/Air       3
Comestibles
 c - 5 rations


   Skills:
 - Level 2.0 Dodging
 - Level 2.6 Stealth
 + Level 3.0 Spellcasting
 - Level 6.8 Conjurations
   Level 1.0 Summonings
 - Level 1.0 Translocations


You had 5 spell levels left.
You knew the following spells:

 Your Spells              Type           Power        Failure   Level  Hunger
a - Magic Dart            Conj           ####         1%          1    None
b - Blink                 Tloc           N/A          12%         2    ##.....
c - Conjure Flame         Conj/Fire      ###.....     9%          3    ###....


Dungeon Overview and Level Annotations

Branches:
Dungeon (5/15)
 Temple: D:4-7

Altars:
Kikubaaqudgha
Makhleb

Annotations:
D:3 1 runed door
D:5 Menkaure


Innate Abilities, Weirdness & Mutations

You cannot wear most types of armour.
You are very stealthy in the water. (Stealth+)
You are amphibious.
You can wear up to eight rings at the same time.
You can use your tentacles to constrict eight enemies at once.
Your skin changes colour to match your surroundings (Stealth+).
Your rubbery body absorbs attacks. (AC +1, EV +1)


Message History

Confirm with . or Enter, or press ? or * to list all spells.
You blink.
An orc priest comes into view. It is wielding a mace.
Found 7 poisoned needles.
Casting: Blink
Confirm with . or Enter, or press ? or * to list all spells.
Aiming: Conjure Flame
Press: ? - help, Dir - move target cursor The fire ignites!
You are near starving!
Found 8 gold pieces.
Found a stone staircase leading down.
Found a stone staircase leading up.
Menkaure, Prince of Dust comes into view.
Found a ration.
Menkaure shouts!
Menkaure calls on the powers of darkness!
You feel a surge of unholy energy.
There is a stone staircase leading down here.
Menkaure hits you.
You die...

##..# #.# #.#......
....#####.#####.#...#
#......Zwl.....(...#
.#..#####.#####l#...##
..<#...##.#####.#....###
..###...............%...
.. ...................
.# .##.#####..M....## .
#.##.# #.@...#.# . # ##.
#.....# # #####.# .# #


You could see Menkaure and an iguana.

Vanquished Creatures
  A big kobold (Sewer)
  A bullfrog (D:3)
  An orc priest (D:3)
  2 orc wizards (D:3)
  Ijyb (D:3)
  7 adders
  2 river rats (Sewer)
  An ooze (D:1)
  3 worms (D:3)
  A leopard gecko (D:4)
  An orc (D:3)
  A giant cockroach (D:3)
  7 goblins
  3 hobgoblins
  A jackal (Sewer)
  11 kobolds
  4 quokkas
  A ball python (D:2)
  8 bats
  A frilled lizard (D:3)
  A jackal skeleton (D:4)
  12 rats
71 creatures vanquished.

Notes
Turn   | Place    | Note
-------+----------+-------------------------------------------
     0 | D:1      | inc the Octopode Wizard began the quest for the Orb.
     0 | D:1      | Reached XP level 1. HP: 11/11 MP: 4/4
   295 | D:1      | Reached skill level 2 in Conjurations
   295 | D:1      | Reached XP level 2. HP: 17/17 MP: 0/6
   718 | D:2      | Found an ancient bone altar of Kikubaaqudgha.
   731 | D:2      | Reached skill level 3 in Conjurations
   731 | D:2      | Reached XP level 3. HP: 9/21 MP: 1/7
  1389 | D:2      | Found a faded altar of an unknown god.
  1467 | D:2      | Reached XP level 4. HP: 27/27 MP: 3/8
  1684 | D:3      | Reached skill level 4 in Conjurations
  1919 | D:3      | Found a glowing drain.
  2015 | Sewer    | Entered a sewer
  2294 | Sewer    | Noticed a big kobold
  2302 | Sewer    | Killed a big kobold
  2302 | Sewer    | Reached skill level 5 in Conjurations
  2302 | Sewer    | Reached XP level 5. HP: 31/31 MP: 2/9
  2448 | Sewer    | Found a white marble altar of Elyvilon.
  2621 | D:3      | Noticed Ijyb
  2625 | D:3      | Reached XP level 6. HP: 36/36 MP: 5/10
  2649 | D:3      | Killed Ijyb
  2649 | D:3      | Reached skill level 6 in Conjurations
  3400 | D:3      | Found a runed door.
  3668 | D:5      | Entered Level 5 of the Dungeon
  4078 | D:3      | Learned a level 2 spell: Blink
  4082 | D:3      | Learned a level 3 spell: Conjure Flame
  4289 | D:4      | Noticed a phantom
  4294 | D:4      | Noticed a two-headed ogre
  4323 | D:5      | Found a burning altar of Makhleb.
  4337 | D:5      | Noticed Menkaure
  4342 | D:5      | Slain by Menkaure

Skill      XL: |  1  2  3  4  5  6 |
---------------+-------------------+-----
Conjurations   | 2 3 5 6 |  6.8
Dodging        | |  2.0
Stealth        | |  2.6
Spellcasting   | |  3.0
Summonings     | |  1.0
Translocations | |  1.0

Action                   |  1- 3 |  4- 6 || total
-------------------------+-------+-------++-------
Melee: Unarmed           |    13 |    27 ||    40
       Tentacles         |     4 |    10 ||    14
       Constrict         |     1 |    10 ||    11
       Dagger            |       |    23 ||    23
 Cast: Magic Dart        |    53 |   111 ||   164
       Conjure Flame     |       |     2 ||     2
       Blink             |       |     1 ||     1
  Use: Scroll            |       |     4 ||     4
 Stab: Sleeping          |       |     1 ||     1
  Eat: Chunk             |     1 |     8 ||     9
Armor: Skin              |     1 |       ||     1
Dodge: Dodged            |    20 |    50 ||    70
